 Dungeon Crawl Stone Soup version 0.18-a0-1292-ge8ad84c (webtiles) character file.

212 George the Slasher (level 5, -6/45 HPs)
             Began as a Minotaur Fighter on Feb 9, 2016.
             Was an Initiate of Okawaru.
             Mangled by Blork the orc
             ... wielding a +3 scimitar of electrocution
              (15 damage)
             ... on level 4 of the Dungeon.
             The game lasted 00:05:02 (2619 turns).

George the Slasher (Minotaur Fighter)               Turns: 2619, Time: 00:05:02

Health: -6/45      AC: 10    Str: 22    XL:     5   Next: 58%
Magic:  5/5        EV:  7    Int:  5    God:    Okawaru [......]
Gold:   146        SH: 10    Dex:  9    Spells: 0 memorised, 4 levels left

rFire  . . .     SeeInvis .     a - +1 long sword
rCold  . . .     Gourm    .     b - +0 scale mail
rNeg   . . .     Faith    .     c - +1 shield
rPois  .         Spirit   .     w - +2 hat
rElec  .         Dismiss  .     (no cloak)
rCorr  .         Reflect  .     (no gloves)
SustAt .         Harm     .     s - +0 pair of boots
MR     .....                    (no amulet)
Stlth  ..........               C - ring of loudness (curse)
                                B - ring of stealth

@: not resistant to hostile enchantments, extremely unstealthy
A: retaliatory headbutt, horns 2
a: Renounce Religion


You were on level 4 of the Dungeon.
You worshipped Okawaru.
Okawaru was noncommittal.
You were not hungry.

You visited 1 branch of the dungeon, and saw 4 of its levels.

You collected 146 gold pieces.

Inventory:

Hand Weapons
 a - a +1 long sword (weapon)
 y - a +0 rapier
Armour
 b - a +0 scale mail (worn)
 c - a +1 shield (worn)
 s - a +0 pair of boots (worn)
 w - a +2 hat (worn)
Jewellery
 B - a ring of stealth (left hand)
 C - a cursed ring of loudness (right hand)
Wands
 t - a wand of flame (16/48)
Scrolls
 h - 2 scrolls of immolation
 i - 4 scrolls of magic mapping
 k - a scroll of teleportation
Potions
 d - a potion of might
 g - 5 potions of curing
 u - a potion of haste {unknown}
 A - a potion of lignification {unknown}
Comestibles
 f - 3 bread rations
 j - 3 beef jerkies


   Skills:
 - Level 3.6 Fighting
 + Level 6.8 Long Blades
 - Level 3.6 Armour
 - Level 3.6 Shields
 + Level 1.4 Invocations


You had 4 spell levels left.
You didn't know any spells.

Dungeon Overview and Level Annotations

Branches:
Dungeon (4/15)
 Temple: D:4-7

Altars:
Dithmenos
Nemelex Xobeh
Okawaru
Pakellas
Qazlal

Annotations:
D:4 Blork the orc


Innate Abilities, Weirdness & Mutations

You reflexively headbutt those who attack you in melee.
You have a pair of horns on your head.


Message History

The magic dart hits you!
You slash Blork the orc! Your headbutt misses Blork the orc.
Blork the orc is heavily wounded.
Blork the orc hits you with a scimitar of electrocution!
You closely miss Blork the orc.
Blork the orc is heavily wounded.
Blork the orc hits you with a scimitar of electrocution.
You closely miss Blork the orc.
Blork the orc is heavily wounded.
Blork the orc miscasts a cantrip.
You hit Blork the orc.
Blork the orc is heavily wounded.
Blork the orc hits you with a scimitar of electrocution.
You are electrocuted!
* * * LOW HITPOINT WARNING * * *
You slash Blork the orc!
Blork the orc is almost dead.
Blork the orc hits you but does no damage.
You are electrocuted!
You die... ########.# #$ao@<...# #..####..# #. .# # #

You could see Blork the orc and a worker ant.

Vanquished Creatures
  A jelly (D:3)
  Natasha (thrice) (D:2)
  4 adders
  An ooze (D:1)
  4 worms
  2 giant geckos (D:1)
  2 giant cockroaches
  6 goblins
  3 hobgoblins
  3 ball pythons
  11 bats
  2 giant newts (D:3)
  8 kobolds
  10 rats
60 creatures vanquished.

Notes
Turn   | Place    | Note
--------------------------------------------------------------
     0 | D:1      | George the Minotaur Fighter began the quest for the Orb.
     0 | D:1      | Reached XP level 1. HP: 19/19 MP: 0/0
   130 | D:1      | Reached XP level 2. HP: 19/26 MP: 1/1
   658 | D:1      | Reached skill level 4 in Long Blades
   850 | D:2      | Reached XP level 3. HP: 31/31 MP: 2/2
   918 | D:2      | HP: 1/31 [bat (1)]
   927 | D:2      | HP: 1/31 [bat (1)]
  1588 | D:2      | Noticed Natasha
  1595 | D:2      | Killed Natasha
  1595 | D:2      | Reached skill level 5 in Long Blades
  1595 | D:2      | Reached XP level 4. HP: 26/39 MP: 3/3
  1760 | D:2      | Noticed Natasha
  1765 | D:2      | Killed Natasha
  1975 | D:2      | Noticed Natasha
  1981 | D:2      | Killed Natasha
  1981 | D:2      | Reached skill level 6 in Long Blades
  2010 | D:3      | Reached XP level 5. HP: 39/45 MP: 4/4
  2213 | D:3      | Found a stormy altar of Qazlal.
  2216 | D:3      | Found an oddly glowing altar of Pakellas.
  2217 | D:3      | Found a shadowy altar of Dithmenos.
  2220 | D:3      | Found a sparkling altar of Nemelex Xobeh.
  2252 | D:3      | Found a faded altar to an unknown god.
  2289 | D:3      | Found an iron altar of Okawaru.
  2307 | D:3      | Became a worshipper of Warmaster Okawaru
  2331 | D:3      | Reached skill level 1 in Invocations
  2612 | D:4      | Noticed Blork the orc
  2619 | D:4      | Mangled by Blork the orc

Vault maps used:
D:1:      dpeg_arrival_another_circle
D:2:      uniq_natasha
D:3:      lemuel_doored_altar, minitemple, ecumenical_altar_1
D:4:      first_bread, uniq_blork_the_orc

Action                   |  1- 3 |  4- 6 || total
-------------------------+-------+-------++-------
Melee: Long sword        |    81 |    65 ||   146
  Use: Scroll            |       |    10 ||    10
  Eat: Chunk             |     2 |     3 ||     5
